AoeStats
← Ulosis

Arena

510418134Analyzed
1v1 RM · 9h ago on Sep 30, 2026· 53m 26s· 2 players
Game mode
Random Map
Map size
Tiny (2 player)
Population
200
Speed
Normal
Resources
Standard
Victory
Conquest
Starting age
Dark Age
Ending age
Imperial Age
RankedLock teamsTeams togetherTeam positionsShared explorationLock speedFull tech treeHidden civsTurbo modeCheats
Victory
Defeat
🇩🇪 Khmer · Germany
784
+19
🇨🇱 Chinese · Chile
840
-19
Alexandar The Okay
9:55 Feudal Age
13:11 Castle Age
11:10 Horse Collar
11:43 Double-Bit Axe
13:30 Loom
14:10 Bow Saw
17:14 Wheelbarrow
19:07 Town Watch
19:52 Hand Cart
19:48 Gold Mining
21:46 Husbandry
23:34 Heavy Plow
23:28 Stone Mining
24:14 Gold Shaft Mining
24:46 Forging
26:16 Scale Barding Armor
30:07 Imperial Age
27:39 Town Patrol
28:56 Bloodlines
28:09 Light Cavalry
30:21 Iron Casting
30:06 Chain Barding Armor
31:29 Crop Rotation
30:59 Hussar
32:51 Blast Furnace
32:29 Heavy Scorpion
33:11 Double Crossbow
33:32 Conscription
34:04 Stone Shaft Mining
35:14 Chemistry
34:41 Ballistics
35:32 Plate Barding Armor
36:06 Fletching
39:31 Hoardings
38:58 Tusk Swords
38:20 Elite Battle Elephant
39:02 Bodkin Arrow
39:27 Siege Engineers
39:32 Masonry
39:19 Murder Holes
39:35 Fortified Wall
46:05 Bracer
48:10 Fervor
Ulosis
0:45 Loom
11:31 Feudal Age
11:57 Double-Bit Axe
11:53 Horse Collar
20:22 Castle Age
23:00 Squires
23:14 Bloodlines
23:07 Husbandry
25:38 Crossbowman
26:15 Gold Mining
26:39 Forging
34:13 Thumb Ring
34:03 Pikeman
44:46 Iron Casting
44:11 Scale Mail Armor
44:13 Padded Archer Armor
54:59 Imperial Age
Connection lost

Rejoining the realm…

Still unreachable

The connection could not be restored.

Session expired

The server has moved on; the page needs a fresh start.